 Dungeon Crawl Stone Soup version 0.29.1-2-gbd0b4ee654 (webtiles) character file.

Game seed: 6238382558411190422

81 BlackCrag the Digger (level 4, 0/24 HPs)
             Began as a Deep Elf Earth Elementalist on Oct 30, 2022.
             Slain by an adder (3 damage)
             ... on level 3 of the Dungeon.
             The game lasted 00:14:33 (2211 turns).

BlackCrag the Digger (Deep Elf Earth Elementalist)  Turns: 2211, Time: 00:14:34

Health: 0/24       AC:  2    Str:  5    XL:     4   Next: 20%
Magic:  7/12       EV: 12    Int: 22    God:
Gold:   101        SH:  0    Dex: 15    Spells: 1/11 levels left

rFire   . . .      SeeInvis .   c - +3 dagger
rCold   + . .      Faith    .   (no shield)
rNeg    . . .      Spirit   .   a - +0 robe
rPois   .          Reflect  .   (no helmet)
rElec   .          Harm     .   (no cloak)
rCorr   .          Rampage  .   (no gloves)
Will    .....                   (no boots)
Stlth   ++........              (no amulet)
HPRegen 0.08/turn               j - ring of protection from cold
MPRegen 0.13/turn               (no ring)

@: no status effects
A: no striking features
a: no special abilities


You were on level 3 of the Dungeon.
You visited 1 branch of the dungeon, and saw 3 of its levels.

You collected 101 gold pieces.

Inventory:

Hand Weapons
 c - a +3 dagger (weapon)
Armour
 a - a +0 robe (worn)
Jewellery
 j - a ring of protection from cold (left hand)
 m - a ring of ice
Wands
 o - a wand of flame (17)
Scrolls
 d - a scroll of amnesia {unknown}
 g - a scroll of enchant weapon {unknown}
 h - a scroll of immolation {unknown}
 q - a scroll of teleportation
Potions
 b - a potion of magic
 f - a potion of might {unknown}
 i - 3 potions of curing
 l - a potion of cancellation {unknown}
 n - 2 potions of brilliance {unknown}
 p - a potion of heal wounds {unknown}


   Skills:
 + Level 2.5 Dodging
 + Level 2.7 Stealth
 + Level 4.3 Spellcasting
 + Level 1.1 Transmutations
 * Level 4.7 Earth Magic


You had one spell level left.
You knew the following spells:

 Your Spells              Type           Power      Damage    Failure   Level
a - Sandblast             Erth           50%        2d12      1%          1
b - Passwall              Tmut/Erth      14%        N/A       4%          2
c - Stone Arrow           Conj/Erth      30%        3d8       12%         3
d - Slow                  Hex            16%        N/A       11%         1
e - Confusing Touch       Hex            4%         N/A       32%         3

Your spell library contained the following spells:

 Spells                   Type           Power      Damage    Failure   Level
 Apportation              Tloc           8%         N/A       11%         1
 Necrotise                Necr           16%        1d4       11%         1
 Summon Small Mammal      Summ           16%        N/A       11%         1
 Vampiric Draining        Necr           4%         2d6       32%         3
 Petrify                  Tmut/Erth      17%        N/A       32%         4
 Leda's Liquefaction      Hex/Erth       7%         N/A       38%         4
 Lee's Rapid Deconstruct  Erth           12%        3d10*     38%         5
 Statue Form              Tmut/Erth      11%        N/A       99%         6


Dungeon Overview and Level Annotations

Branches:
Dungeon (3/15)

Altars:


Message History

As you read the scroll labelled CUEFIS ODDAZYFUC, it crumbles to dust.
It was a scroll of blinking.
A goblin comes into view. It is wielding a +0 dagger.
The goblin unwields a +0 dagger.
The goblin wields a +2 vorpal sling.
The goblin shoots a sling bullet.
The sling bullet barely misses you.
A kobold comes into view. It is wielding a +0 dagger.
The goblin shoots a sling bullet.
The sling bullet hits you!
You hear an angry hiss.
An adder comes into view.
Found a scroll of identify.
The goblin shoots a sling bullet.
The sling bullet hits you!
* * * LOW HITPOINT WARNING * * *
The adder moves out of view.
The kobold shouts!
Aiming: Sandblast (safe; 1% risk of failure)
Press: ? - help, Q - select action, (/) - cycle Shift-Dir - straight line, f - you
Okay, then.
The goblin shoots a sling bullet.
The sling bullet closely misses you.
Aiming: Sandblast (safe; 1% risk of failure)
Press: ? - help, Q - select action, (/) - cycle Shift-Dir - straight line, f - goblin
Aim: a goblin, wielding a +2 vorpal sling (79% to hit)
The blast of sand hits the goblin.
The goblin is severely wounded.
The goblin shoots a sling bullet.
The sling bullet barely misses you.
Aiming: Sandblast (safe; 1% risk of failure)
Press: ? - help, Q - select action, (/) - cycle Shift-Dir - straight line, f/p - goblin
Aim: a goblin, wielding a +2 vorpal sling (severely wounded, 79% to hit)
The blast of sand misses the goblin.
The goblin shoots a sling bullet.
The sling bullet closely misses you.
Casting: Sandblast (safe; 1% risk of failure)
Confirm with . or Enter, or press ? or * to list all spells.
The spell is quite dangerous to miscast (12% risk of failure)!
Continue anyway?
Aiming: Stone Arrow (quite dangerous; 12% risk of failure)
Press: ? - help, Shift-Dir - straight line, f - adder, p - goblin
Aim: an adder (48% to hit)
The stone arrow misses the adder.
The goblin shoots a sling bullet.
The sling bullet hits you.
* * * LOW HITPOINT WARNING * * *
x2 The adder bites you.
You die...

.
###.........####.........
#. ##.......## ##.#...##.
.. ##.....## ###.#.# ##
##)..## ...# ##'## .##
#.# .# #.# ##.#######
##...Kg.@.# #.....###S#
##...## #.# #$.## #.#
.?.g.. ... ####..# ##.##
#..# #.# #..# #.# #.K.
...


You could see an adder, a goblin and a kobold.

Vanquished Creatures
  An adder (D:2)
  A worm (D:2)
  3 dart slugs (D:1)
  4 orcs
  5 ball pythons
  9 endoplasms
  6 goblins
  6 hobgoblins
  2 jackals (D:1)
  A quokka (D:1)
  A bat (D:2)
  3 frilled lizards
  6 kobolds
  5 rats
53 creatures vanquished.

Vanquished Creatures (others)
  A butterfly (D:3)
1 creature vanquished.

Grand Total: 54 creatures vanquished

Notes
Turn   | Place    | Note
-------+----------+-------------------------------------------
     0 | D:1      | BlackCrag the Deep Elf Earth Elementalist began the quest
                  | for the Orb.
     0 | D:1      | Reached XP level 1. HP: 10/10 MP: 6/6
    89 | D:1      | Reached XP level 2. HP: 15/15 MP: 2/8
   312 | D:1      | Learned a level 2 spell: Passwall
   512 | D:1      | Reached XP level 3. HP: 19/19 MP: 8/10
   516 | D:1      | Learned a level 3 spell: Stone Arrow
  1207 | D:2      | Found a faded altar of an unknown god.
  1331 | D:2      | Learned a level 1 spell: Slow
  1483 | D:2      | Reached XP level 4. HP: 24/24 MP: 9/12
  1743 | D:2      | Learned a level 3 spell: Confusing Touch
  2211 | D:3      | Slain by an adder

Illustrated notes

Levels and vault maps discovered:
D:1:      amcnicky_arrival_feature_with_door, layout_loops_cross, serial_rivers,
          chequers_serial_rivers_micro_d, chequers_serial_rivers_small_a,
          chequers_serial_rivers_micro_c, chequers_serial_rivers_room_a,
          chequers_serial_rivers_marsh, skrybe_limestone_x, solitary_fountain,
          st_stairs_10
D:2:      layout_loops_cross, hellmonk_ecumenical_altar_slurped_away
D:3:      layout_loops_corners, nicolae_elyvilon_peaceful_grove,
          gup_sewer_entry_spiral

Skill      XL: |  1  2  3 |
---------------+----------+-----
Earth Magic    | 4 |  4.7
Spellcasting   | 4 |  4.3
Dodging        | |  2.5
Stealth        | |  2.7
Transmutations | |  1.1

Action                   |  1- 3 |  4- 6 || total
-------------------------+-------+-------++-------
Melee: Unarmed           |     1 |       ||     1
 Cast: Sandblast         |    51 |    16 ||    67
       Slow              |     2 |     6 ||     8
       Stone Arrow       |     2 |     1 ||     3
  Use: Scroll            |       |     3 ||     3
       Potion            |       |     1 ||     1
Armor: Robe              |     1 |     6 ||     7
Dodge: Dodged            |     7 |    14 ||    21
